 Dungeon Crawl Stone Soup version 0.31.0-1-g2c135a008e (webtiles) character file.

Game seed: 4256800347935397649

81 qw the Shooter (level 4, -8/35 HPs)
             Began as a Djinni Hunter on Jan 24, 2024.
             Mangled by a crocodile (13 damage)
             ... in a sewer.
             The game lasted 00:00:06 (1596 turns).

qw the Shooter (Djinni Hunter)                      Turns: 1596, Time: 00:00:07

Health: -8/35      AC:  4    Str: 10    XL:     4   Next: 67%
Gold:   129        EV: 12    Int: 11    God:
                   SH:  0    Dex: 18

rFire   + + .        a - +1 shortbow (flame)
rCold   x . .        (shield currently unavailable)
rNeg    . . .        g - +0 leather armour {rPois}
rPois   inf          j - +0 helmet
rElec   .            (no cloak)
rCorr   .            (no gloves)
SInv    .            (boots unavailable)
Will    .....        (no amulet)
Stlth   ++           (no ring)
HPRegen 0.25/turn    (no ring)
MPRegen 0.00/turn

%: infuse magic (-9 HP)
@: flying
A: sickness immunity, fire resistance 2, cold vulnerability 1, float, innate
caster, HP casting, extra vitality 1
a: no special abilities


You were in a sewer.
You visited 1 branch of the dungeon, and saw 3 of its levels.
You also visited: Sewer.

You collected 129 gold pieces.


Innate Abilities, Weirdness & Mutations

You are immune to sickness and miasma.
You are immune to poison.
Your flesh is very heat resistant. (rF++)
You are vulnerable to cold. (rC-)
You float through the air rather than walking.
You learn spells naturally, not from books.
Your magical power is your life essence.
You have superior vitality. (+4 MHP)


   Skills:
 - Level 3.1 Fighting
 - Level 4.0 Ranged Weapons
 + Level 2.9 Dodging
 - Level 0.7 Stealth


You knew the following spells:

 Your Spells              Type           Power      Damage    Failure   Level
a - Slow                  Hex            0%         N/A       43%         1
Your spell library was empty.

Inventory:

Hand Weapons
 a - a +1 shortbow of flaming (weapon)
Armour
 g - a +0 leather armour of poison resistance (worn)
 i - a +0 ring mail
 j - a +0 helmet (worn)
Scrolls
 f - 2 scrolls of revelation {unknown}
Potions
 b - 2 potions of heal wounds {unknown}
 c - a potion of curing {unknown}
 d - a potion of resistance {unknown}
 e - a potion of mutation {unknown}
 h - a potion of lignification {unknown}
 k - a potion of might {unknown}

Dungeon Overview and Level Annotations

Branches:
Dungeon (3/15)              Sewer (1/1)

Altars:


Message History

The jackal closely misses you.
You shoot an arrow. The arrow hits the jackal.
The arrow burns the jackal.
You kill the jackal!
You start resting.
HP restored.
f - a scroll labelled TUTYELERIF
b - 2 clear potions (gained 1)
f - 2 scrolls labelled TUTYELERIF (gained 1)
k - a coppery potion A crocodile comes into view.
Found 11 gold pieces and a leather armour.
You shoot an arrow. The arrow closely misses the crocodile.
You shoot an arrow.
The arrow hits the crocodile but does no damage.
You shoot an arrow.
The arrow hits the crocodile but does no damage.
You shoot an arrow. The arrow barely misses the crocodile.
You shoot an arrow. The arrow hits the crocodile.
The arrow burns the crocodile.
The crocodile is lightly wounded.
The crocodile closely misses you. x2
You shoot an arrow. The arrow closely misses the crocodile.
The crocodile bites you!
You shoot an arrow. The arrow hits the crocodile!
The arrow burns the crocodile.
The crocodile is severely wounded.
The crocodile closely misses you.
You shoot an arrow.
The arrow hits the crocodile but does no damage.
The crocodile is severely wounded.
The crocodile closely misses you.
You shoot an arrow. The arrow closely misses the crocodile.
The crocodile bites you! The crocodile barely misses you.
You shoot an arrow. The arrow hits the crocodile!
The arrow burns the crocodile.
The crocodile is almost dead.
The crocodile misses you.
You shoot an arrow. The arrow closely misses the crocodile.
The crocodile hisses menacingly.
The crocodile bites you!
You shoot an arrow. The arrow closely misses the crocodile.
The crocodile bites you!
You die...

# # # # ########
## ###.~....### .#
###..~.~..~@l###
.#
###..~.~####~~...#
.###.~...###
###.....#
)~.~..~~## #~.....
%###....~# ..~.##
.# ###....~#
..##.$ .# ###.~~.~
## [ ## ##.... #
####


You could see a crocodile.

Vanquished Creatures
  An adder (D:3)
  A river rat (D:3)
  2 dart slugs
  A ribbon worm (D:3)
  7 bats
  2 endoplasms
  2 giant cockroaches (D:1)
  3 goblins
  3 hobgoblins
  12 jackals
  2 kobolds
  2 quokkas
  3 ball pythons (D:1)
  2 frilled lizards
  8 rats
51 creatures vanquished.

Notes
Turn   | Place    | Note
-------+----------+-------------------------------------------
     0 | D:1      | qw the Djinni Hunter began the quest for the Orb.
     0 | D:1      | Reached XP level 1. HP: 18/18 MP: 0/0
     0 | D:1      | 0 ||| qw: Version: 0.3-a-136-gdd3b4e8
     0 | D:1      | 0 ||| qw: Game counter: 1250
     0 | D:1      | 0 ||| qw: Melee chars always use a shield: true
     0 | D:1      | 0 ||| qw: God list: Okawaru
     0 | D:1      | 0 ||| qw: Allow faded altars: false
     0 | D:1      | 0 ||| qw: Do Orc after clearing Dungeon:15 true
     0 | D:1      | 0 ||| qw: Do second Lair branch before Depths: true
     0 | D:1      | 0 ||| qw: Lair rune preference: random
     0 | D:1      | 0 ||| qw: Goals: Normal
     0 | D:1      | 0 ||| PLANNING D:1-11
   185 | D:1      | Reached XP level 2. HP: 20/23 MP: 0/0
   245 | D:1      | 245 ||| READING scroll labelled GOOGACRAFOCAMU.
   246 | D:1      | 246 ||| DROPPING scroll of butterflies.
   405 | D:1      | Reached XP level 3. HP: 28/28 MP: 0/0
   405 | D:1      | Learned a level 1 spell: Slow
   406 | D:1      | Reached skill level 4 in Ranged Weapons
   450 | D:1      | 450 ||| UPGRADING to +0 leather armour of poison
                  | resistance.
   451 | D:1      | 451 ||| UPGRADING to +0 leather armour of poison
                  | resistance.
   461 | D:1      | 461 ||| DROPPING +0 leather armour.
   522 | D:1      | 522 ||| READING scroll labelled MUSIV BAGESCH.
   524 | D:1      | 524 ||| READING scroll labelled RIDOEKH XEUD.
   524 | D:1      | 524 ||| ENCHANTING +0 shortbow.
   525 | D:1      | 525 ||| READING scroll labelled KAURGHA RACI.
   911 | D:1      | 911 ||| READING scroll labelled LENAIM TOW.
   911 | D:1      | 911 ||| ENCHANTING +0 shortbow.
  1381 | D:2      | 1381 ||| UPGRADING to +0 helmet.
  1386 | D:2      | 1386 ||| READING scroll labelled TEB WIATIFUA.
  1387 | D:2      | 1387 ||| READING scroll labelled BIOZAA LE KAIDGH.
  1387 | D:2      | 1387 ||| BRANDING +1 shortbow.
  1410 | D:3      | 1410 ||| PLANNING SEWER
  1435 | D:3      | Reached XP level 4. HP: 34/34 MP: 0/0
  1438 | D:3      | Reached skill level 3 in Fighting
  1498 | D:3      | Found a glowing drain.
  1507 | Sewer    | Entered a sewer
  1584 | Sewer    | Noticed a crocodile
  1595 | Sewer    | HP: 5/35 [crocodile (14)]
  1596 | Sewer    | Mangled by a crocodile

Levels and vault maps discovered:
D:1:      scummos_arrival_star, layout_rooms, serial_co_window_serial,
          co_window_corner_a, co_window_corner_a, co_window_paths_a,
          co_window_corner_a, co_window_paths_b, co_window_of_opportunity_a,
          co_window_2corner, co_window_corner_b, co_window_of_opportunity_b,
          co_window_unsneaky_path_e, co_window_unsneaky_path_e,
          co_window_2corner, glass_columns_b
D:2:      layout_basic
D:3:      layout_basic, nicolae_overflow_ecumenical_swirl,
          kennysheep_okawaru_gauntlet,
          dreamdust_ecumenical_altar_drowned_temple, portal_sewer_entry_a
Sewer:    sewer_the_crocodile

Skill      XL: |  1  2  3  4 |
---------------+-------------+-----
Ranged Weapons | 4 |  4.0
Fighting       | 3 |  3.1
Dodging        | |  2.9
Stealth        | |  0.7

Action                     |  1- 3 |  4- 6 || total
---------------------------+-------+-------++-------
   Fire: Shortbow          |   122 |    57 ||   179
    Use: Scroll            |     7 |       ||     7
 Armour: Leather armour    |    35 |    31 ||    66
  Dodge: Dodged            |    51 |    42 ||    93

Table legend:
 A = Non-vault XP
 B = Vault XP
 C = Vault XP percentage of total XP
 D = Non-vault monster count
 E = Vault monster count
 F = Vault count percentage of total count
                 A         B        C        D         E       F
            +---------+---------+-------+---------+---------+-------
      Total |      72 |      44 |  37.9 |      40 |      11 |  21.6
            +---------+---------+-------+---------+---------+-------
        D:1 |      52 |       0 |   0.0 |      29 |       0 |   0.0
        D:2 |       8 |       0 |   0.0 |       4 |       0 |   0.0
        D:3 |      12 |      32 |  72.7 |       7 |       5 |  41.7
      Sewer |       0 |      12 | 100.0 |       0 |       6 | 100.0
            +---------+---------+-------+---------+---------+-------
